Map: Goldenaura LE

Players

Viejon - Winner!

  • Race: Zerg Zerg
  • League: Platinum
  • Spawn Location: 5:00

Subwayeatn

  • Race: Zerg Zerg
  • League: Platinum
  • Spawn Location: 12:00

VOD

Have the link to the VOD?

Description

Time

  • Played on: Nov. 9, 2023, 1:28 p.m.
  • Length: 16:33
Show
View Real Time Build Order
Export as new Build Order

Viejon Zerg - Winner!

Build Orders: Hatch First, Lurkers, Roach Hydra 

Get SALT Encoding   

  12  0:13  Drone  
  12  0:14  Overlord  
  13  0:18  Extractor  
  13  0:19  Drone  
  14  0:32  Drone  
  15  0:36  Drone  
  16  0:46  Drone  
  17  0:55  Hatchery  
  16  0:59  Extractor  
  15  1:15  Drone  
  15  1:16  Spawning Pool  
  15  1:18  Drone  
  16  1:23  Drone  
  17  1:40  Drone  
  17  1:43  Drone  
  19  1:50  Overlord  
  19  2:04  Queen  
  19  2:06  Metabolic Boost  
  19  2:08  Drone  
  22  2:09  Zergling x2  
  23  2:15  Queen  
  23  2:20  Drone  
  26  2:29  Drone  
  27  2:30  Drone x2  
  27  2:34  Zergling x2  
  30  2:42  Queen  
  32  3:01  Evolution Chamber  
  32  3:02  Evolution Chamber  
  32  3:04  Roach Warren  
  29  3:07  Queen  
  29  3:09  Drone  
  32  3:21  Spine Crawler  
  32  3:25  Drone x3  
  34  3:34  Zerg Ground Armor Level 1  
  34  3:45  Extractor  
  33  3:50  Drone x3  
  33  3:54  Overlord x2  
  36  4:07  Lair  
  36  4:15  Drone x4  
  36  4:16  Drone  
  41  4:17  Drone  
  42  4:32  Zerg Missile Weapons Level 1  
  42  4:34  Drone x4  
  42  4:35  Drone  
  47  4:42  Drone  
  48  4:46  Drone  
  49  4:55  Drone  
  49  4:56  Drone x2  
  49  4:59  Extractor, Overlord  
  51  5:02  Overlord  
  51  5:04  Overlord  
  51  5:09  Extractor  
  51  5:11  Hydralisk Den  
  51  5:13  Infestation Pit  
  48  5:15  Drone x2  
  48  5:17  Drone  
  48  5:18  Drone x2  
  53  5:26  Burrow  
  53  5:31  Overseer  
  53  5:40  Drone  
  54  5:54  Roach x3  
  54  5:55  Roach x2  
  63  6:00  Roach  
  63  6:01  Roach x6  
  73  6:09  Muscular Augments  
  73  6:23  Glial Reconstitution  
  73  6:49  Overlord x2  
  73  6:54  Hatchery  
  72  6:58  Drone  
  72  6:59  Drone x3  
  72  7:00  Overlord  
  72  7:01  Overlord x2  
  76  7:10  Drone  
  76  7:13  Grooved Spines  
  77  7:20  Zerg Missile Weapons Level 2, Zerg Ground Armor Level 2  
  77  7:33  Roach x5  
  77  7:41  Tunneling Claws  
  77  7:53  Hydralisk x4  
  77  7:54  Hydralisk x7  
  77  7:58  Drone  
  100  8:14  Lurker Den  
  100  8:17  Drone x6  
  105  8:26  Hive  
  105  8:27  Extractor x2  
  105  8:29  Drone x3  
  106  8:35  Queen  
  109  8:41  Drone x3  
  109  8:43  Drone x3  
  114  8:54  Hatchery  
  113  8:56  Overlord x2  
  113  8:57  Overlord x2  
  113  9:16  Roach x4  
  113  9:23  Lurker x3  
  113  9:24  Lurker x5, Roach x5  
  121  9:27  Roach x2  
  119  9:43  Roach x2  
  101  10:07  Lurker x3  
  101  10:10  Zerg Missile Weapons Level 3, Zerg Ground Armor Level 3  
  101  10:12  Roach x2  
  104  10:33  Drone  
  104  10:34  Drone x18  
  123  10:36  Queen  
  123  10:41  Seismic Spines  
  125  10:54  Roach x7  
  139  10:58  Overseer, Hydralisk  
  139  10:59  Hydralisk x5  
  150  11:21  Overlord x5  
  150  11:22  Overlord x3  
  150  11:27  Queen  
  150  11:31  Overlord x5  
  152  11:39  Adaptive Talons  
  140  12:20  Roach  
  140  12:21  Roach x11  
  164  12:24  Roach x9  
  164  12:26  Spire  
  160  12:37  Roach x4  
  155  12:40  Roach x4  
  155  12:41  Roach  
  125  13:40  Zerg Flyer Weapons Level 1  
  125  13:43  Mutalisk  
  125  13:44  Mutalisk x11  
  147  14:00  Mutalisk x4  
  155  14:04  Extractor  
  155  14:06  Extractor  
  155  14:07  Mutalisk  
  155  14:08  Mutalisk x5  
  165  14:23  Mutalisk  
  165  14:24  Mutalisk x5  
  150  14:36  Corruptor x2  
  150  14:38  Zergling x2  
  150  14:39  Zergling x8  
  143  15:01  Corruptor x4  
  142  15:14  Corruptor x2  
  136  15:30  Corruptor x2  
  110  15:43  Extractor  
  110  15:46  Corruptor x3  
  84  16:01  Zergling x2  
  84  16:02  Zergling x28  
Show
View Real Time Build Order
Export as new Build Order

Subwayeatn Zerg 

Build Orders: Pool First 

Get SALT Encoding   

  12  0:00  Drone  
  13  0:08  Drone  
  13  0:11  Extractor  
  13  0:28  Spawning Pool  
  12  1:00  Hatchery  
  11  1:17  Queen  
  13  1:28  Metabolic Boost  
  13  1:38  Overlord  
  13  1:43  Zergling x2  
  14  1:57  Zergling x4  
  14  2:01  Zergling x2  
  17  2:11  Zergling x2  
  17  2:15  Queen  
  18  2:21  Zergling x2  
  21  2:34  Zergling x4  
  23  2:48  Zergling x6  
  27  3:05  Zergling x4  
  28  3:21  Overlord  
  28  3:38  Overlord  
  28  3:43  Drone x6  
  28  3:46  Drone  
  34  4:02  Queen  
  34  4:09  Drone x2  
  38  4:14  Overlord  
  38  4:24  Roach Warren  
  38  4:28  Drone  
  38  4:29  Extractor  
  38  4:31  Drone  
  38  4:34  Drone  
  38  4:38  Drone  
  40  4:47  Drone x2  
  40  4:48  Drone  
  43  4:54  Overlord  
  43  5:02  Drone x3  
  43  5:05  Drone  
  47  5:18  Drone x5  
  52  5:26  Evolution Chamber  
  52  5:27  Drone  
  52  5:28  Drone, Evolution Chamber  
  52  5:45  Drone x7  
  57  6:05  Lair  
  57  6:09  Extractor  
  56  6:16  Zerg Missile Weapons Level 1  
  56  6:17  Zerg Ground Armor Level 1  
  56  6:19  Drone x2  
  56  6:20  Drone, Hatchery  
  56  6:21  Drone  
  56  6:24  Overlord  
  56  6:25  Overlord  
  59  6:27  Overlord  
  59  6:55  Overlord x2  
  59  6:56  Overlord  
  59  7:19  Roach x5  
  59  7:20  Roach x7  
  83  7:36  Drone x3  
  86  7:41  Drone x5  
  86  7:42  Drone  
  92  7:47  Glial Reconstitution  
  92  7:54  Overlord x4  
  92  8:00  Ravager x5  
  92  8:04  Drone  
  98  8:07  Drone x5, Extractor  
  102  8:22  Ravager x3  
  102  8:25  Overlord x2  
  105  8:27  Drone x2  
  105  8:28  Drone  
  110  8:34  Roach x2  
  110  8:35  Roach x2  
  116  8:45  Drone x2, Extractor  
  116  8:46  Extractor, Drone  
  116  8:47  Drone x3  
  116  8:48  Drone x2  
  122  8:50  Queen  
  122  8:52  Overseer  
  122  8:54  Roach  
  126  9:00  Zergling x2  
  127  9:03  Zergling x2  
  127  9:08  Drone x3  
  127  9:09  Zerg Missile Weapons Level 2  
  131  9:14  Zerg Ground Armor Level 2  
  131  9:29  Roach x8  
  147  9:37  Roach  
  147  9:38  Roach  
  143  9:58  Hatchery  
  143  9:59  Overseer  
  138  10:10  Overseer  
  138  10:12  Overseer  
  138  10:13  Overseer  
  138  10:15  Overseer  
  138  10:20  Roach x5  
  138  10:21  Roach x5  
  158  10:28  Overlord  
  158  10:31  Queen  
  160  10:45  Roach  
  160  10:46  Roach x4  
  160  10:48  Extractor, Overlord x3  
  169  10:52  Extractor  
  158  11:25  Pneumatized Carapace  
  143  11:26  Queen  
  145  11:36  Drone x14, Spire  
  145  11:37  Drone x4  
  162  11:42  Overseer  
  162  11:43  Overseer  
  162  11:44  Overlord x2  
  162  11:45  Overlord  
  160  12:02  Queen  
  160  12:07  Burrow  
  153  12:15  Drone  
  153  12:16  Drone  
  155  12:27  Extractor  
  155  12:28  Hatchery  
  95  12:43  Roach  
  95  12:44  Roach x26  
  116  12:45  Roach  
  134  12:53  Zerg Melee Weapons Level 1  
  108  13:13  Queen  
  102  13:29  Queen  
  102  13:30  Mutalisk  
  102  13:31  Mutalisk x14  
  134  13:42  Mutalisk  
  134  13:43  Mutalisk x5  
  146  13:49  Queen  
  124  13:59  Mutalisk x4  
  126  14:04  Queen  
  126  14:05  Queen  
  108  14:30  Roach x4  
  108  14:31  Roach x13  
  136  14:57  Mutalisk x3  
  136  14:59  Zergling x2  
  138  15:00  Zergling x16  
  145  15:12  Drone x8  
  153  15:14  Queen  
  155  15:24  Roach x6  
  155  15:25  Roach  
  155  15:27  Queen  
  136  15:55  Mutalisk x3, Corruptor x3  
Tags
 
Add a new tag
Caveats
  • Supply blocks, unpowered buildings, or Contaminate may cause inaccurate times.
  • Supply counts are checked every 10 seconds.